 Dungeon Crawl Stone Soup version 0.31.0 (webtiles) character file.

Game seed: 10640364721553689267

249 qw the Shooter (level 6, -1/38 HPs)
             Began as a Gargoyle Hunter on Jan 19, 2024.
             Slain by an orc
             ... wielding a +0 flail
              (6 damage)
             ... on level 4 of the Dungeon.
             The game lasted 00:00:11 (2382 turns).

qw the Shooter (Gargoyle Hunter)                    Turns: 2382, Time: 00:00:12

Health: -1/38      AC: 10    Str: 15    XL:     6   Next: 12%
Magic:  6/6        EV: 11    Int:  9    God:
Gold:   140        SH:  0    Dex: 15    Spells: 5/5 levels left

rFire   . . .        a - +0 shortbow
rCold   . . .        (shield currently unavailable)
rNeg    + . .        g - +0 ring mail
rPois   inf          j - +0 helmet
rElec   +            (no cloak)
rCorr   .            (no gloves)
SInv    .            (no boots)
Will    .....        (no amulet)
Stlth   +            (no ring)
HPRegen 0.26/turn    (no ring)
MPRegen 0.10/turn

%: no passive effects
@: on fire, about to teleport, glowing
A: sickness immunity, AC +4, negative energy resistance 1, electricity
resistance, torment resistance 1, petrification resistance
a: no special abilities


You were on level 4 of the Dungeon.
You visited 1 branch of the dungeon, and saw 4 of its levels.

You collected 140 gold pieces.


Innate Abilities, Weirdness & Mutations

You are immune to sickness and miasma.
Your stone body is resilient. (AC +4)
You are immune to poison.
You resist negative energy. (rN+)
You are resistant to electric shocks. (rElec)
You are resistant to unholy torment.
You are immune to petrification.


   Skills:
 - Level 4.1 Fighting
 + Level 6.2 Ranged Weapons
 - Level 1.0 Armour
 - Level 1.5 Dodging
 - Level 1.1 Stealth


You had 5 spell levels left.
You didn't know any spells.
Your spell library was empty.

Inventory:

Hand Weapons
 a - a +0 shortbow (weapon)
Armour
 g - a +0 ring mail (worn)
 j - a +0 helmet (worn)
Scrolls
 c - a scroll of teleportation
Potions
 b - a potion of degeneration {unknown}
 d - a potion of lignification {unknown}
 e - 2 potions of curing
 f - a potion of might

Dungeon Overview and Level Annotations

Branches:
Dungeon (4/15)
 Temple: D:4-7

Altars:
Uskayaw
Xom

Shops:
D:1 *   D:3 =

Annotations:
D:3 1 runed translucent door, Crazy Yiuf


Message History

You shoot an arrow.
The arrow hits the bombardier beetle but does no damage.
The bombardier beetle is heavily wounded.
The orc hits you with a +0 flail.
The bombardier beetle sprays incendiary fluid at you.
The burning spray hits you.
You are covered in liquid fire!
The orc barely misses you.
You shoot an arrow.
The arrow barely misses the bombardier beetle.
The liquid fire burns you! The orc closely misses you.
The bombardier beetle closely misses you.
You shoot an arrow. The arrow hits the bombardier beetle.
The bombardier beetle is heavily wounded.
The liquid fire burns you! The orc misses you.
You shoot an arrow.
The arrow closely misses the bombardier beetle.
The liquid fire burns you! The orc closely misses you.
The bombardier beetle barely misses you.
You shoot an arrow.
The arrow closely misses the bombardier beetle.
The liquid fire burns you! The orc closely misses you.
The bombardier beetle sprays incendiary fluid at you.
The burning spray hits you.
You are even more covered in liquid fire!
You shoot an arrow. The arrow hits the bombardier beetle!
You kill the bombardier beetle!
The liquid fire burns you! The orc hits you but does no damage.
The orc barely misses you.
You have reached level 6!
2382 ||| READING 2 scrolls of teleportation.
As you read the scroll of teleportation, it crumbles to dust.
You feel strangely unstable. The liquid fire burns you!
The orc hits you with a +0 flail.
You die...

### ..# #.# .##
### #.# .... ..
#.# .....#. #.#
.$$$...##.#####
..}...o@......#
...$.########.#
..... ###.#### .
#.######......#
#.....##.#.##.#
####.....#.......#
..(...#(....#.##.#
#..)......#.##.#
#..............#


You could see an orc.

Vanquished Creatures
  A bombardier beetle (D:4)
  A hound (D:4)
  2 orc wizards (D:4)
  3 gnolls (D:2)
  An adder (D:4)
  2 dart slugs
  2 ribbon worms (D:2)
  An orc (D:2)
  3 ball pythons
  5 endoplasms
  4 giant cockroaches
  13 goblins
  8 hobgoblins
  7 jackals
  4 kobolds
  6 quokkas
  9 bats
  4 frilled lizards
  6 rats
82 creatures vanquished.

Notes
Turn   | Place    | Note
-------+----------+-------------------------------------------
     0 | D:1      | qw the Gargoyle Hunter began the quest for the Orb.
     0 | D:1      | Reached XP level 1. HP: 12/12 MP: 1/1
     0 | D:1      | 0 ||| qw: Version: 0.3-a-132-g3d54051
     0 | D:1      | 0 ||| qw: Game counter: 116
     0 | D:1      | 0 ||| qw: Melee chars always use a shield: true
     0 | D:1      | 0 ||| qw: God list: Okawaru
     0 | D:1      | 0 ||| qw: Allow faded altars: false
     0 | D:1      | 0 ||| qw: Do Orc after clearing Dungeon:15 true
     0 | D:1      | 0 ||| qw: Do second Lair branch before Depths: true
     0 | D:1      | 0 ||| qw: Lair rune preference: random
     0 | D:1      | 0 ||| qw: Goals: Normal
     0 | D:1      | 0 ||| PLANNING D:1-11
    39 | D:1      | Found Gasmel's General Store.
    49 | D:1      | Reached XP level 2. HP: 17/17 MP: 2/2
    51 | D:1      | 51 ||| SHOPLISTING +0 ring mail (52 gold, have 5).
    51 | D:1      | 51 ||| SHOPLISTING amulet of regeneration (390 gold, have
                  | 5).
    51 | D:1      | 51 ||| SHOPLISTING ring of fire (325 gold, have 5).
    51 | D:1      | 51 ||| SHOPLISTING scroll of enchant weapon (97 gold, have
                  | 5).
   291 | D:1      | Reached XP level 3. HP: 21/21 MP: 3/3
   367 | D:1      | Reached skill level 5 in Ranged Weapons
   591 | D:1      | 591 ||| UPGRADING to +0 helmet.
   596 | D:1      | 596 ||| READING scroll labelled WEERIR DAFRUWN.
   597 | D:1      | 597 ||| READING 2 scrolls labelled GOSUKOHUZXA.
   597 | D:1      | 597 ||| IDENTIFYING bubbling purple potion
   598 | D:1      | 598 ||| READING scroll of identify.
   598 | D:1      | 598 ||| IDENTIFYING emerald potion
   599 | D:1      | 599 ||| READING scroll labelled IDEQ JYDOCUIV.
   600 | D:1      | 600 ||| READING scroll labelled KUCRAO YSHIPN.
   601 | D:1      | 601 ||| DROPPING scroll of butterflies.
   602 | D:1      | 602 ||| DROPPING potion of attraction.
   892 | D:2      | 892 ||| UPGRADING to +0 ring mail.
   909 | D:2      | Reached skill level 3 in Fighting
   909 | D:2      | 909 ||| FLEEEEING.
   913 | D:2      | 913 ||| STAIRDANCE
   930 | D:1      | 930 ||| UPGRADING to +0 ring mail.
   940 | D:1      | 940 ||| DROPPING +0 leather armour.
   941 | D:1      | 941 ||| READING scroll labelled WALEFA OCOWK.
   945 | D:1      | 945 ||| DRINKING 2 grey potions.
   946 | D:1      | 946 ||| DRINKING 2 blue potions.
   947 | D:1      | 947 ||| DROPPING potion of ambrosia.
  1071 | D:2      | Reached XP level 4. HP: 28/28 MP: 4/4
  1073 | D:2      | Reached skill level 1 in Armour
  1250 | D:2      | 1250 ||| RETREEEEATING.
  1538 | D:3      | 1538 ||| STAIRDANCE
  1620 | D:3      | Found Fobbi's Jewellery Shoppe.
  1629 | D:3      | 1629 ||| SHOPLISTING ring of ice (275 gold, have 116).
  1705 | D:3      | Reached XP level 5. HP: 32/32 MP: 5/5
  1800 | D:3      | Found a runed translucent door.
  1801 | D:3      | Noticed Crazy Yiuf
  2044 | D:4      | Found a hide-covered altar of Uskayaw.
  2052 | D:4      | Reached skill level 6 in Ranged Weapons
  2056 | D:4      | 2056 ||| FLEEEEING.
  2179 | D:4      | Found a shimmering altar of Xom.
  2339 | D:4      | 2339 ||| FLEEEEING.
  2381 | D:4      | HP: 7/33 [burnt (7)]
  2382 | D:4      | Reached XP level 6. HP: 8/38 MP: 6/6
  2382 | D:4      | 2382 ||| READING 2 scrolls of teleportation.
  2382 | D:4      | Slain by an orc

Levels and vault maps discovered:
D:1:      amcnicky_arrival_blooded_trapdoor, layout_basic, serial_shops,
          nicolae_shop_temple_entry_statues_fountains
D:2:      layout_loops_ring, serial_bayou, serial_bayou_ford_a,
          serial_bayou_pond_a, serial_bayou_shore_a, serial_bayou_pond_d
D:3:      layout_rooms, serial_shops, nicolae_shop_tiny_waterfront,
          hangedman_decor_clover_reticule, uniq_crazy_yiuf_cottage
D:4:      layout_loops_cross, lemuel_coloured_pillars_altar,
          nicolae_uskayaw_dance_hall, dreamdust_wishing_well

Skill      XL: |  1  2  3  4  5 |
---------------+----------------+-----
Ranged Weapons | 5 6 |  6.2
Fighting       | 3 4 |  4.1
Armour         | 1 |  1.0
Dodging        | |  1.5
Stealth        | |  1.1

Action                     |  1- 3 |  4- 6 || total
---------------------------+-------+-------++-------
   Fire: Shortbow          |   151 |   126 ||   277
    Use: Scroll            |     6 |     1 ||     7
         Potion            |     2 |       ||     2
 Armour: Leather armour    |    38 |       ||    38
         Ring mail         |       |    46 ||    46
  Dodge: Dodged            |    44 |    37 ||    81

Table legend:
 A = Non-vault XP
 B = Vault XP
 C = Vault XP percentage of total XP
 D = Non-vault monster count
 E = Vault monster count
 F = Vault count percentage of total count
                 A         B        C        D         E       F
            +---------+---------+-------+---------+---------+-------
      Total |     356 |       0 |   0.0 |      82 |       0 |   0.0
            +---------+---------+-------+---------+---------+-------
        D:1 |      53 |       0 |   0.0 |      30 |       0 |   0.0
        D:2 |      93 |       0 |   0.0 |      29 |       0 |   0.0
        D:3 |      23 |       0 |   0.0 |      12 |       0 |   0.0
        D:4 |     187 |       0 |   0.0 |      11 |       0 |   0.0
            +---------+---------+-------+---------+---------+-------
